 Dungeon Crawl Stone Soup version 0.18.1-48-g4cf74bf (webtiles) character file.

187 Jonno22 the Shield-Bearer (level 5, -3/41 HPs)
             Began as a Human Fighter on Aug 23, 2016.
             Slain by a kobold
             ... wielding a +1 dagger of electrocution
              (19 damage)
             ... on level 3 of the Dungeon.
             The game lasted 00:13:56 (1772 turns).

Jonno22 the Shield-Bearer (Human Fighter)           Turns: 1772, Time: 00:13:56

Health: -3/41      AC:  9    Str: 22    XL:     5   Next: 99%
Magic:  5/5        EV:  6    Int: 12    God:
Gold:   156        SH: 11    Dex: 13    Spells: 0 memorised, 4 levels left

rFire  . . .     SeeInvis .     k - +1 hand axe (vamp)
rCold  . . .     Gourm    .     j - +0 chain mail
rNeg   . . .     Faith    .     c - +1 shield
rPois  .         Spirit   .     (no helmet)
rElec  .         Dismiss  .     (no cloak)
rCorr  .         Reflect  .     (no gloves)
SustAt +         Harm     .     (no boots)
MR     .....                    (no amulet)
Stlth  ..........               r - +4 ring of intelligence
                                i - ring of sustain attributes

@: mighty, not resistant to hostile enchantments, extremely unstealthy
A: no striking features
a: no special abilities


You were on level 3 of the Dungeon.
You were not hungry.

You visited 1 branch of the dungeon, and saw 3 of its levels.

You collected 156 gold pieces.

Inventory:

Hand Weapons
 a - a +0 long sword
 k - a +1 vampiric hand axe (weapon)
Missiles
 l - 16 arrows
 o - 11 sling bullets
 s - 35 bolts
 u - 6 tomahawks (quivered)
 E - 3 stones
Armour
 b - a +0 scale mail
 c - a +1 shield (worn)
 j - a +0 chain mail (worn)
Rods
 v - a +0 iron rod (10/10)
   (You found it on level 2 of the Dungeon)
Jewellery
 i - a ring of sustain attributes (left hand)
 r - a +4 ring of intelligence (right hand)
Scrolls
 h - a scroll of blinking
 n - 3 scrolls of remove curse
 t - a scroll of enchant armour
 y - 2 scrolls of enchant weapon {unknown}
 z - a scroll of teleportation {unknown}
 A - a scroll of fog {unknown}
 D - a scroll of recharging {unknown}
 F - a scroll of magic mapping
Potions
 e - 2 potions of flight
 g - 2 potions of agility
 m - 3 potions of cancellation {unknown}
 p - 2 potions of curing {unknown}
 q - 2 potions of lignification {unknown}
 w - a potion of invisibility {unknown}
 x - a potion of experience {unknown}
 B - a potion of berserk rage {unknown}
Comestibles
 f - a bread ration
 C - a meat ration


   Skills:
 + Level 3.5 Fighting
 + Level 2.3 Long Blades
 + Level 1.8 Axes
 + Level 4.0 Armour
 + Level 1.2 Dodging
 + Level 0.2 Stealth
 + Level 4.1 Shields


You had 4 spell levels left.
You didn't know any spells.

Dungeon Overview and Level Annotations

Branches:
Dungeon (3/15)

Altars:
Gozag


Message History

You slash Jonno22's ghost!
Jonno22's ghost is heavily damaged.
Jonno22's ghost hits you but does no damage.
Jonno22's ghost barely misses you.
You hit Jonno22's ghost.
Jonno22's ghost is severely damaged.
Jonno22's ghost hits you but does no damage.
You slash Jonno22's ghost!
Jonno22's ghost is almost destroyed.
Jonno22's ghost hits you. x2
You hit Jonno22's ghost.
Jonno22's ghost is almost destroyed.
You block Jonno22's ghost's attack.
You slash Jonno22's ghost!
You destroy Jonno22's ghost!
Your Armour skill increases to level 4!
Your Shields skill increases to level 4!
Your chain mail prevents you from hitting the kobold.
The kobold hits you but does no damage.
You are electrocuted!
You die...

#.. #####.. # # #.# # ###
#. #.#.#.# ##'# .#.#.
##...# ... #...%.# #.# ###
....<..## ##)## #..
........####...#########.#
.......(K@................
.......#################.#
......# #### #)# #.....
>.. #.# ##... #.####.#
##'# #....... #. #..###.#
# #..# #.# #..# #..


You could see a kobold.

Vanquished Creatures
  The ghost of Jonno22 the Covered, an amateur HuFi (D:3)
  Natasha (D:3)
  4 adders
  A giant gecko (D:2)
  A ball python (D:2)
  5 bats
  3 giant cockroaches (D:1)
  6 goblins
  4 hobgoblins
  4 jackals (D:3)
  A quokka (D:2)
  2 giant newts
  7 kobolds
  9 rats
49 creatures vanquished.

Notes
Turn   | Place    | Note
--------------------------------------------------------------
     0 | D:1      | Jonno22 the Human Fighter began the quest for the Orb.
     0 | D:1      | Reached XP level 1. HP: 18/18 MP: 1/1
    84 | D:1      | Reached XP level 2. HP: 23/24 MP: 2/2
   505 | D:2      | Reached XP level 3. HP: 29/29 MP: 3/3
   631 | D:2      | Found an opulent altar of Gozag.
  1377 | D:3      | Reached XP level 4. HP: 35/35 MP: 4/4
  1422 | D:3      | Noticed Natasha
  1438 | D:3      | Killed Natasha
  1438 | D:3      | Reached skill level 1 in Axes
  1661 | D:3      | Reached skill level 1 in Dodging
  1739 | D:3      | Reached XP level 5. HP: 40/41 MP: 5/5
  1754 | D:3      | Noticed Jonno22's ghost (amateur HuFi)
  1771 | D:3      | Killed Jonno22's ghost
  1772 | D:3      | Slain by a kobold

Skill      XL: |  1  2  3  4  5 |
---------------+----------------+-----
Axes           | 1 |  1.8
Dodging        | 1 |  1.2
Armour         | 4 |  4.0
Shields        | 4 |  4.1
Fighting       | |  3.5
Long Blades    | |  2.3
Stealth        | |  0.2

Action                   |  1- 3 |  4- 6 || total
-------------------------+-------+-------++-------
Melee: Long sword        |    60 |       ||    60
       Hand axe          |    59 |    80 ||   139
Throw: Tomahawk          |       |     1 ||     1
  Use: Scroll            |     6 |       ||     6
       Potion            |       |     1 ||     1
  Eat: Meat ration       |     1 |       ||     1
       Bread ration      |     1 |       ||     1
Armor: Scale mail        |     4 |       ||     4
       Chain mail        |    68 |    54 ||   122
Dodge: Dodged            |    23 |    20 ||    43
Block: Shield            |    61 |    60 ||   121
